 Dungeon Crawl Stone Soup version 0.25-a0-1133-g93ebf739aa (webtiles) character file.

Game seed: 3166674662367205348, levelgen mode: deterministic

17931 Delarado the Martial Artist (level 12, -10/87 HPs)
             Began as an Octopode Fighter on May 21, 2020.
             Was an Elder of Makhleb.
             Engulfed by a cloud of flame (22 damage)
             ... in a volcano.
             The game lasted 00:47:44 (15064 turns).

Delarado the Martial Artist (Octopode Fighter)     Turns: 15064, Time: 00:47:45

Health: -10/87     AC:  1    Str: 21    XL:     12   Next: 53%
Magic:  18/18      EV: 22    Int: 12    God:    Makhleb [****..]
Gold:   380        SH: 13    Dex: 17    Spells: 10/11 levels left

rFire    . . .     SeeInvis .     - Unarmed
rCold    + . .     Gourm    .   v - +3 kite shield
rNeg     . . .     Faith    .   (helmet restricted)
rPois    +         Spirit   .   (no amulet)
rElec    .         Reflect  .   t - +4 ring of evasion
rCorr    .         Harm     .   l - ring of poison resistance
MR       .....                  z - ring of Nokuop {+Inv +Fly Str+6 Dex+2}
Stlth    ++++......             C - ring of wizardry
HPRegen  0.24/turn              J - ring of protection from cold
MPRegen  0.16/turn              (no ring)
                                (no ring)
                                (no ring)

@: no status effects
A: almost no armour, stealthy swim, amphibious, 8 rings, constrict 8, camouflage
1, gelatinous body 1
a: Minor Destruction, Lesser Servant of Makhleb, Major Destruction, Renounce
Religion, Evoke Invisibility, Evoke Flight


You were in a volcano.
You worshipped Makhleb.
Makhleb was greatly pleased with you.
You were not hungry.

You visited 2 branches of the dungeon, and saw 13 of its levels.
You also visited: Volcano.

You collected 562 gold pieces.
You spent 182 gold pieces at shops.

Inventory:

Missiles
 e - 356 stones
 g - 181 arrows
 h - 4 silver javelins
 q - 4 throwing nets
 r - 4 javelins (quivered)
 u - 8 boomerangs
 M - 11 curare-tipped darts
Armour
 a - a +0 kite shield
 v - a +3 kite shield (worn)
Jewellery
 l - a ring of poison resistance (right tentacle)
 t - a +4 ring of evasion (left tentacle)
 z - the ring of Nokuop (on tentacle) {+Inv +Fly Str+6 Dex+2}
   (You bought it in a shop on level 6 of the Dungeon)

   [ring of strength]

   It affects your strength (+6).
   It affects your dexterity (+2).
   It lets you turn invisible.
   It lets you fly.
 B - an uncursed ring of fire
 C - a ring of wizardry (on tentacle)
 J - a ring of protection from cold (on tentacle)
Wands
 n - a wand of random effects (17)
 p - a wand of paralysis (14)
 F - a wand of enslavement (8)
 G - a wand of flame (30)
Scrolls
 f - 4 scrolls of teleportation
 i - 7 scrolls of remove curse
 s - 4 scrolls of blinking
 w - a scroll of enchant weapon {unknown}
 x - a scroll of amnesia
 y - 3 scrolls of fog
 A - a scroll of fear
 K - a scroll of brand weapon {unknown}
 N - a scroll of enchant armour
 Q - a scroll of holy word {unknown}
 S - a scroll of silence {unknown}
Potions
 b - a potion of ambrosia {unknown}
 d - 6 potions of heal wounds
 j - a potion of flight
 k - 2 potions of resistance
 m - 4 potions of lignification
 o - 2 potions of stabbing
 D - a potion of mutation {unknown}
 E - 6 potions of curing
 I - a potion of cancellation
 O - a potion of haste {unknown}
 P - a potion of might
 R - a potion of berserk rage
Comestibles
 c - 16 rations


   Skills:
 - Level 10.0 Fighting
 - Level 4.4 Throwing
 - Level 10.0 Dodging
 - Level 4.0 Stealth
 + Level 5.0 Shields
 + Level 11.1 Unarmed Combat
 - Level 3.3 Translocations
 - Level 8.0 Invocations


You had 10 spell levels left.
You knew the following spells:

 Your Spells              Type           Power        Failure   Level  Hunger
a - Apportation           Tloc           #.....       12%         1    ##.....

Your spell library contained the following spells:

 Spells                   Type           Power        Failure   Level  Hunger
 Animate Skeleton         Necr           N/A          43%         1    ##.....
 Corona                   Hex            #......      43%         1    ##.....
 Freeze                   Ice            #...         43%         1    ##.....
 Summon Small Mammal      Summ           #...         43%         1    ##.....
 Frozen Ramparts          Ice            #.....       78%         3    ####...
 Ozocubu's Armour         Chrm/Ice       #.......     78%         3    ####...
 Hailstorm                Conj/Ice       #.......     99%         4    #####..
 Summon Ice Beast         Ice/Summ       #.......     99%         4    #####..


Dungeon Overview and Level Annotations

Branches:
Dungeon (10/15)            Temple (0/1) D:4            Lair (3/6) D:10
Volcano (1/1)
  Swamp: Lair:2-4    Shoals: Lair:2-4     Snake: Lair:2-4    Spider: Lair:2-4
    Orc: D:9-12

Altars:
Cheibriados
Elyvilon
Gozag
Makhleb
Nemelex Xobeh
Okawaru
Sif Muna
Trog
Yredelemnul

Shops:
D:5 ?   D:6 *   D:8 }

Annotations:
D:3 Grinder
D:8 Joseph
D:10 exclusion: skeletal warrior, Nergalle, Urug


Innate Abilities, Weirdness & Mutations

You cannot wear most types of armour.
You are very stealthy in the water. (Stealth+)
You are amphibious.
You can wear up to eight rings at the same time.
You can use your tentacles to constrict eight enemies at once.
Your skin changes colour to match your surroundings (Stealth+).
Your rubbery body absorbs attacks. (AC +1, EV +1)


Message History

You block the flying skull's attack. The flying skull barely misses you.
You barely miss the flying skull.
The flying skull is heavily damaged.
You constrict the flying skull. The flying skull hits you!
You tentacle-slap the flying skull but do no damage.
Your squeeze misses the flying skull.
The flying skull is severely damaged.
The air gets thick with the scent of sulphur.
You constrict the flying skull. The flying skull barely misses you.
You bludgeon the flying skull!
You destroy the flying skull!
Makhleb accepts your kill.
You feel better.
Your Shields skill increases to level 5!
You start resting.
In the distance, the volcano erupts with a roar.
You are engulfed in blazing flames.
* * * LOW HITPOINT WARNING * * *
You are engulfed in blazing flames.
You die...

##### .....##
.......##
........###
.....°....###
≈≈...°○°.°○○##
≈≈§§°☼○○○@○○○#
≈≈°○○°○○○°○○..#
§≈§§§°☼°○☼☼☼...#
≈≈≈≈○§○○○○○.....#
§≈§○≈☼○○°○○≈...§§
≈≈§°≈○≈☼°○≈≈≈≈.§§
○§○°○§○§○§§≈≈≈≈§§
○○8°°§☼§○§§≈≈≈≈§#


There were no monsters in sight!

Vanquished Creatures
  2 hydras
  Erica (D:9)
  3 two-headed ogres
  Harold (D:8)
  A centaur warrior (D:9)
  Sonja (Lair:2)
  2 black mambas (Lair:2)
  3 spiny frogs (Lair:2)
  A torpor snail (Lair:2)
  A komodo dragon (D:10)
  A queen bee (D:9)
  A hornet (D:9)
  A polar bear (Lair:2)
  A hippogriff (D:7)
  A flying skull (Volcano)
  14 yaks
  3 wyverns
  Grum (D:8)
  A steam dragon (D:10)
  A basilisk (Lair:2)
  Menkaure (D:7)
  2 water moccasins (Lair:2)
  6 porcupines
  2 orc warriors
  2 sky beasts
  3 ice beasts
  4 centaurs
  A phantom (D:7)
  4 wolves
  5 crocodiles
  2 big kobolds
  8 bullfrogs
  A gnoll sergeant (D:6)
  4 scorpions
  24 killer bees
  8 wights
  7 crimson imps
  2 centaur zombies
  5 hounds
  3 orc priests (D:4)
  2 jellies
  An orc wizard (D:9)
  A centaur skeleton (D:5)
  2 bullfrog skeletons (D:6)
  2 iguanas
  6 worker ants
  A killer bee zombie (D:9)
  A hound zombie (D:8)
  A worker ant zombie (D:9)
  9 gnolls
  A howler monkey skeleton (D:8)
  8 adders
  A shadow imp (D:8)
  An ooze (D:7)
  An adder skeleton (D:9)
  3 adder zombies
  4 worms (D:2)
  3 dart slugs
  4 leopard geckos
  22 orcs
  6 giant cockroaches
  2 gnoll zombies (D:8)
  2 goblins
  7 hobgoblins
  15 jackals
  12 kobolds
  7 quokkas
  A ball python (D:1)
  7 bats
  3 frilled lizards
  2 quokka skeletons
  8 rats
281 creatures vanquished.

Vanquished Creatures (collateral kills)
  3 yaks (Lair:1)
3 creatures vanquished.

Vanquished Creatures (others)
  2 fungi (Lair:2)
  A plant (Lair:2)
3 creatures vanquished.

Grand Total: 287 creatures vanquished

Notes
Turn   | Place    | Note
-------+----------+-------------------------------------------
     0 | D:1      | Delarado the Octopode Fighter began the quest for the Orb.
     0 | D:1      | Reached XP level 1. HP: 16/16 MP: 1/1
   248 | D:1      | Reached XP level 2. HP: 21/21 MP: 2/2
   361 | D:1      | Reached skill level 3 in Unarmed Combat
   999 | D:1      | Reached XP level 3. HP: 26/26 MP: 3/3
  1313 | D:2      | Found a sparkling altar of Nemelex Xobeh.
  1776 | D:2      | Reached skill level 4 in Unarmed Combat
  1928 | D:2      | Reached XP level 4. HP: 27/31 MP: 4/4
  2085 | D:2      | Found a burning altar of Makhleb.
  2086 | D:2      | Noticed a cacodemon
  2287 | D:2      | Noticed a hellwing
  2287 | D:2      | Noticed an orange demon
  2289 | D:2      | Became a worshipper of Makhleb the Destroyer
  3056 | D:2      | Found a shimmering blue altar of Sif Muna.
  3295 | D:3      | Noticed Grinder
  3647 | D:4      | Reached XP level 5. HP: 33/36 MP: 5/5
  3693 | D:4      | Reached skill level 1 in Stealth
  3783 | D:4      | Found an iron altar of Okawaru.
  3803 | D:4      | Reached skill level 5 in Unarmed Combat
  3803 | D:4      | Reached skill level 1 in Invocations
  3845 | D:4      | Found a staircase to the Ecumenical Temple.
  3886 | D:4      | Reached * piety under Makhleb
  4431 | D:4      | Reached XP level 6. HP: 41/42 MP: 7/7
  4904 | D:5      | Entered Level 5 of the Dungeon
  4918 | D:5      | Reached skill level 6 in Unarmed Combat
  5033 | D:4      | Reached XP level 7. HP: 33/46 MP: 8/8
  5341 | D:5      | Reached skill level 7 in Unarmed Combat
  5507 | D:5      | Found Soclirch's Magic Scroll Boutique.
  5515 | D:5      | Bought a scroll of identify for 26 gold pieces
  5515 | D:5      | Bought a scroll of identify for 26 gold pieces
  5515 | D:5      | Bought a scroll of amnesia for 45 gold pieces
  6117 | D:5      | Reached skill level 8 in Unarmed Combat
  6117 | D:5      | Reached XP level 8. HP: 20/52 MP: 9/9
  6535 | D:6      | Found an opulent altar of Gozag.
  6703 | D:6      | Found a snail-covered altar of Cheibriados.
  6738 | D:6      | Found Qucs's Assorted Antiques.
  6790 | D:6      | Reached skill level 9 in Unarmed Combat
  7050 | D:6      | Bought a transparent jade ring for 85 gold pieces
  7050 | D:6      | Identified the ring of Nokuop {+Inv +Fly Str+6 Dex+2} (You
                  | bought it in a shop on level 6 of the Dungeon)
  7129 | D:6      | Reached ** piety under Makhleb
  7572 | D:7      | Reached skill level 10 in Unarmed Combat
  7586 | D:7      | Reached XP level 9. HP: 57/58 MP: 10/10
  7654 | D:7      | Found a white marble altar of Elyvilon.
  7699 | D:7      | Noticed Menkaure
  7708 | D:7      | Killed Menkaure
  8186 | D:7      | Found a bloodstained altar of Trog.
  8356 | D:7      | Reached skill level 5 in Fighting
  8356 | D:7      | Reached skill level 5 in Dodging
  8704 | D:7      | Found the +15 Maxwell's patent armour {-Cast -Tele rElec
                  | MR+ rCorr}
  8821 | D:8      | Noticed Harold
  8844 | D:8      | Killed Harold
  9064 | D:8      | Noticed Grum
  9075 | D:7      | Reached XP level 10. HP: 71/71 MP: 11/11
  9080 | D:8      | Killed Grum
  9247 | D:8      | Reached *** piety under Makhleb
  9538 | D:8      | Noticed a two-headed ogre
  9647 | D:8      | Killed a two-headed ogre
  9712 | D:8      | Found Awede's Gadget Shop.
  9882 | D:8      | Found a basalt altar of Yredelemnul.
  9993 | D:8      | Noticed Joseph
 10321 | D:9      | Noticed a centaur warrior
 10325 | D:9      | Noticed a green ugly thing
 10325 | D:9      | Noticed a centaur warrior
 10558 | D:9      | Noticed Erica
 10563 | D:9      | Killed Erica
 10615 | D:9      | Killed a centaur warrior
 10615 | D:9      | Reached XP level 11. HP: 61/81 MP: 12/12
 10755 | D:9      | Reached **** piety under Makhleb
 10875 | D:9      | Reached skill level 10 in Dodging
 10918 | D:9      | Reached skill level 10 in Fighting
 11069 | D:10     | Entered Level 10 of the Dungeon
 11113 | D:10     | Noticed a two-headed ogre
 11346 | D:10     | Killed a two-headed ogre
 11384 | D:10     | Noticed Nergalle
 11777 | D:10     | Noticed a skeletal warrior
 11919 | D:10     | Noticed Urug
 11939 | D:10     | Reached skill level 5 in Invocations
 12000 | D:10     | Noticed a two-headed ogre
 12015 | D:10     | Killed a two-headed ogre
 12065 | D:10     | Found a staircase to the Lair.
 12135 | Lair:1   | Entered Level 1 of the Lair of Beasts
 12727 | Lair:1   | Reached skill level 1 in Throwing
 13158 | Lair:1   | Noticed a four-headed hydra
 13167 | Lair:1   | Killed a four-headed hydra
 13167 | Lair:1   | Reached XP level 12. HP: 75/87 MP: 18/18
 13317 | Lair:1   | Learned a level 1 spell: Apportation
 13864 | Lair:2   | Reached skill level 1 in Translocations
 14158 | Lair:2   | Noticed a five-headed hydra
 14267 | Lair:2   | Killed a five-headed hydra
 14267 | Lair:2   | Reached skill level 11 in Unarmed Combat
 14482 | Lair:2   | Noticed Sonja
 14489 | Lair:2   | Killed Sonja
 15016 | Lair:3   | Found a dark tunnel.
 15026 | Lair:3   | Noticed an eight-headed hydra
 15033 | Volcano  | Entered a volcano
 15061 | Volcano  | Reached skill level 5 in Shields
 15064 | Volcano  | Engulfed by a cloud of flame

Illustrated notes

Levels and vault maps discovered:
D:1:      nzn_arrival_depleted_hourglass, layout_basic, serial_corexii_hall,
          chequers_hall_statues_corner_a, chequers_hall_statues_corner_a,
          chequers_hall_statues_corner_a
D:2:      layout_loops_corners, led_sif_pool, lemuel_crystal_altar,
          makhleb_altar_promises_db, minmay_randomly_rotated_circles
D:3:      layout_loops_ring, xom_redecorated, gup_sewer_entry_glass,
          chequers_ecumenical_altar_lobes, minmay_curled_crystal, uniq_grinder
D:4:      layout_gridville, okawaru_gym_becter, minmay_temple_entry_fiery,
          first_ration
D:5:      layout_basic, serial_shops, nicolae_shop_trees
D:6:      layout_basic, lemuel_doored_altar, nicolae_overflow_crystal_walls,
          serial_shops, shop
D:7:      wad_pebble_path, layout_basic, kennysheep_mini, kennysheep_mini_moat,
          uniq_menkaure
D:8:      layout_rooms, lemuel_zombie_altar_yredelemnul, serial_rivers,
          chequers_serial_rivers_room_a, chequers_serial_rivers_micro_b,
          chequers_serial_rivers_micro_d, chequers_serial_rivers_micro_c,
          chequers_serial_rivers_marsh, serial_shops, nicolae_shop_behind_doors,
          uniq_harold, uniq_joseph, uniq_grum
D:9:      layout_loops_ring, david_nohive_1, hangedman_decor_lopped,
          grunt_tough_drop, uniq_erica
D:10:     layout_grid_maze, erik_lair_dragon, uniq_urug, uniq_nergalle
Lair:1:   layout_cellular_growth
Lair:2:   layout_loops_ring, hangedman_lair_generics_rect, uniq_sonja
Lair:3:   layout_long_grid, minmay_shoals_entry_beasts,
          gammafunk_ghost_hydra_chop, nicolae_volcano_entry_lava_flow,
          serial_bayou_shore_b, grunt_megastairs_4, uniq_fannar, uniq_rupert
Volcano:  volcano_tomb [vts_chambers]

Skill      XL: |  1  2  3  4  5  6  7  8  9 10 11 12 |
---------------+-------------------------------------+-----
Unarmed Combat | 3 4 5 6 8 10 11 | 11.1
Stealth        | 2 3 4 |  4.0
Invocations    | 1 2 8 |  8.0
Dodging        | 4 7 9 10 | 10.0
Fighting       | 7 9 10 | 10.0
Throwing       | 2 4 |  4.4
Translocations | 3 |  3.3
Shields        | 5 |  5.0

Action                   |  1- 3 |  4- 6 |  7- 9 | 10-12 || total
-------------------------+-------+-------+-------+-------++-------
Melee: Unarmed           |    80 |   133 |   207 |   419 ||   839
       Constrict         |    22 |    35 |    39 |    58 ||   154
       Tentacles         |    12 |    26 |    46 |   119 ||   203
       Punch             |     2 |     7 |    21 |    33 ||    63
Throw: Stone             |    38 |    49 |    46 |    17 ||   150
       Javelin           |       |       |    21 |    10 ||    31
       Boomerang         |       |       |       |    65 ||    65
       Dart              |       |       |       |     2 ||     2
Invok: Lesser Servant of |       |       |       |     4 ||     4
       Minor Destruction |       |       |       |     1 ||     1
Evoke: Wand              |       |       |       |     6 ||     6
  Use: Scroll            |       |     8 |     5 |     4 ||    17
       Potion            |       |       |     2 |       ||     2
 Stab: Sleeping          |     1 |     4 |     6 |     9 ||    20
       Paralysed         |       |       |       |     9 ||     9
       Distracted        |       |       |       |     1 ||     1
  Eat: Chunk             |     3 |     9 |    10 |    13 ||    35
       Ration            |       |       |     1 |     2 ||     3
Armor: Skin              |     5 |     4 |     3 |     2 ||    14
Dodge: Dodged            |    31 |    47 |    66 |   219 ||   363
Block: Kite shield       |    31 |    40 |   121 |   244 ||   436

Table legend:
 A = Non-vault XP
 B = Vault XP
 C = Vault XP percentage of total XP
 D = Non-vault monster count
 E = Vault monster count
 F = Vault count percentage of total count
                 A         B        C        D         E       F
            +---------+---------+-------+---------+---------+-------
      Total |   15753 |    9864 |  38.5 |     235 |      49 |  17.3
            +---------+---------+-------+---------+---------+-------
        D:1 |      39 |       0 |   0.0 |      22 |       0 |   0.0
        D:2 |      73 |      13 |  15.1 |      22 |       6 |  21.4
        D:3 |      27 |       0 |   0.0 |      10 |       0 |   0.0
        D:4 |     389 |       0 |   0.0 |      19 |       0 |   0.0
        D:5 |     703 |       0 |   0.0 |      15 |       0 |   0.0
        D:6 |     660 |       0 |   0.0 |      19 |       0 |   0.0
        D:7 |    1374 |     290 |  17.4 |      28 |       2 |   6.7
        D:8 |    1980 |    1469 |  42.6 |      28 |       7 |  20.0
        D:9 |    1037 |    3144 |  75.2 |      21 |      19 |  47.5
       D:10 |    3043 |    1141 |  27.3 |      19 |       6 |  24.0
     Lair:1 |    3345 |       0 |   0.0 |      17 |       0 |   0.0
     Lair:2 |    2987 |    3579 |  54.5 |      14 |       8 |  36.4
     Lair:3 |      96 |       0 |   0.0 |       1 |       0 |   0.0
    Volcano |       0 |     228 | 100.0 |       0 |       1 | 100.0
            +---------+---------+-------+---------+---------+-------
